 Dungeon Crawl Stone Soup version 0.25-a0-632-g7713895373 (webtiles) character file.

Game seed: 3839826375910814475, levelgen mode: deterministic

65 Esekla the Skirmisher (level 3, -2/29 HPs)
             Began as a Demonspawn Abyssal Knight on Mar 19, 2020.
             Was a Believer of Lugonu.
             Killed by divine providence
             ... invoked by an orc priest
              (14 damage)
             ... on level 3 of the Dungeon.
             The game lasted 00:09:10 (1922 turns).

Esekla the Skirmisher (Demonspawn Abyssal Knight)   Turns: 1922, Time: 00:09:11

Health: -2/29      AC:  6    Str: 12    XL:     3   Next: 94%
Magic:  13/13      EV: 11    Int: 13    God:    Lugonu [**....]
Gold:   136        SH:  4    Dex: 13    Spells: 2/2 levels left

rFire    . . .     SeeInvis .   a - +1 falchion
rCold    . . .     Gourm    .   i - +0 buckler (curse)
rNeg     . . .     Faith    .   b - +0 leather armour
rPois    .         Spirit   .   (no helmet)
rElec    .         Reflect  .   n - +0 cloak
rCorr    .         Harm     .   (no gloves)
MR       +....                  (no boots)
Stlth    +.........             (no amulet)
HPRegen  0.09/turn              e - ring of protection from magic
MPRegen  0.13/turn              j - ring of magical power (curse)

@: mighty
A: icy blue scales 1, powered by death 1
a: Depart the Abyss, Bend Space, Renounce Religion


You were on level 3 of the Dungeon.
You worshipped Lugonu.
Lugonu was pleased with you.
You were not hungry.

You visited 1 branch of the dungeon, and saw 3 of its levels.
You visited the Abyss 1 time.

You collected 136 gold pieces.

Inventory:

Hand Weapons
 a - a +1 falchion (weapon)
Missiles
 l - 2 boomerangs (quivered)
Armour
 b - a +0 leather armour (worn)
 i - a cursed +0 buckler (worn)
 n - a +0 cloak (worn)
Jewellery
 e - a ring of protection from magic (left hand)
 j - a cursed ring of magical power (right hand)
Scrolls
 d - 2 scrolls of teleportation {unknown}
 f - 3 scrolls of identify
 g - 2 scrolls of magic mapping {unknown}
 h - a scroll of immolation {unknown}
 k - a scroll of amnesia {unknown}
 o - a scroll of remove curse {unknown}
 q - a scroll of fear {unknown}
Comestibles
 c - 6 rations


   Skills:
 + Level 3.3 Fighting
 + Level 2.8 Long Blades
 + Level 2.1 Armour
 + Level 1.0 Dodging
 + Level 0.1 Stealth
 * Level 1.1 Shields
 + Level 2.6 Invocations


You had 2 spell levels left.
You didn't know any spells.
Your spell library was empty.

Dungeon Overview and Level Annotations

Branches:
Dungeon (3/15)

Altars:
Hepliaklqana
Okawaru
Ru
Sif Muna

Annotations:
D:2 Sigmund


Innate Abilities, Weirdness & Mutations

You are partially covered in icy blue scales. (AC +2)
You regenerate a little health from kills.


Message History

The orc misses you. The orc priest hits you with a +0 club.
You closely miss the orc priest.
The orc priest is severely wounded.
The orc closely misses you.
You riposte.
You closely miss the orc.
The orc is lightly wounded.
The orc priest invokes the aid of Beogh against you.
Pain shoots through your body!
* * * LOW HITPOINT WARNING * * *
You feel better. The orc barely misses you.
The orc priest casts a cantrip, but nothing happens.
You feel very mighty all of a sudden. The orc misses you.
You riposte.
You slash the orc!
You kill the orc!
Lugonu accepts your kill.
The orc priest hits you but does no damage.
You hit the orc priest.
The orc priest is almost dead.
The orc priest mumbles some strange prayers to Beogh against you.
Beogh smites you!
You die...

#....#
#....#
#....#
##....#
#.....##
#....<.#
#.....##
#.....#
#)@...#
#o#####
....
###..#
#...
#....
.##.. .
...


You could see an orc priest.

Vanquished Creatures
  An adder (D:2)
  An ooze (D:1)
  A worm (D:2)
  A dart slug (D:2)
  A leopard gecko (D:2)
  2 orcs (D:3)
  A ball python (D:1)
  7 giant cockroaches
  3 hobgoblins
  4 kobolds
  8 bats
  7 frilled lizards
  2 goblins (D:2)
  4 rats
43 creatures vanquished.

Notes
Turn   | Place    | Note
-------+----------+-------------------------------------------
     0 | Abyss:1  | Esekla the Demonspawn Abyssal Knight began the quest for
                  | the Orb.
     0 | Abyss:1  | Reached XP level 1. HP: 18/18 MP: 2/2
    77 | Abyss:2  | Noticed a small abomination
   101 | Abyss:2  | Noticed a raiju
   101 | Abyss:2  | Noticed a raiju
   103 | Abyss:2  | Noticed a raiju
   104 | D:1      | Escaped the Abyss
   497 | D:1      | Gained mutation: You regenerate a little health from kills.
                  | [demonic ancestry]
   497 | D:1      | Reached XP level 2. HP: 22/24 MP: 3/3
   691 | D:1      | Reached * piety under Lugonu
  1303 | D:2      | Gained mutation: You are partially covered in icy blue
                  | scales. (AC +2) [demonic ancestry]
  1303 | D:2      | Reached XP level 3. HP: 29/29 MP: 4/4
  1551 | D:2      | Noticed Sigmund
  1632 | D:2      | Reached skill level 1 in Shields
  1783 | D:2      | Found a hazy altar of Hepliaklqana.
  1783 | D:2      | Found an iron altar of Okawaru.
  1787 | D:2      | Found a shimmering blue altar of Sif Muna.
  1890 | D:3      | Found a sacrificial altar of Ru.
  1903 | D:3      | Reached ** piety under Lugonu
  1908 | D:3      | Reached skill level 1 in Dodging
  1922 | D:3      | Killed from afar by an orc priest

Levels and vault maps discovered:
D:1:      tarquinn_simple_flora_water_e, layout_loops_cross,
          minmay_misc_feat_iff
D:2:      layout_basic, led_sif_pool, gammafunk_temple_overflow_wave,
          uniq_sigmund
D:3:      layout_rooms, good_gods_temple_1, old_standard_altar,
          grunt_gozag_statues, nicolae_ru_sacrificial_ziggurat, first_ration

Skill      XL: |  1  2  3 |
---------------+----------+-----
Long Blades    | 2 |  2.8
Armour         | 2 |  2.1
Shields        | 1 |  1.1
Dodging        | 1 |  1.0
Fighting       | |  3.3
Stealth        | |  0.1
Invocations    | |  2.6

Action                   || total
-------------------------++-------
Melee: Falchion          ||   149
Throw: Boomerang         ||     1
Invok: Depart the Abyss  ||     1
  Use: Scroll            ||     2
       Potion            ||     2
  Eat: Chunk             ||     1
       Ration            ||     1
Armor: Leather armour    ||    54
Dodge: Dodged            ||    99
Block: Buckler           ||    14
       Rpst.: Falchion   ||    37

Table legend:
 A = Non-vault XP
 B = Vault XP
 C = Vault XP percentage of total XP
 D = Non-vault monster count
 E = Vault monster count
 F = Vault count percentage of total count
                 A         B        C        D         E       F
            +---------+---------+-------+---------+---------+-------
      Total |      94 |       0 |   0.0 |      43 |       0 |   0.0
            +---------+---------+-------+---------+---------+-------
        D:1 |      40 |       0 |   0.0 |      22 |       0 |   0.0
        D:2 |      46 |       0 |   0.0 |      18 |       0 |   0.0
        D:3 |       8 |       0 |   0.0 |       3 |       0 |   0.0
            +---------+---------+-------+---------+---------+-------
